 Dungeon Crawl Stone Soup version 0.27-a0-1281-ge233d83751 (webtiles) character file.

Game seed: 15290630139842936358

89 deadmanwalking the Sneak (level 4, -2/33 HPs)
             Began as a Vampire Brigand on June 13, 2021.
             Slain by an ogre (32 damage)
             ... on level 4 of the Dungeon.
             The game lasted 00:04:54 (1434 turns).

deadmanwalking the Sneak (Vampire Brigand)          Turns: 1434, Time: 00:04:55

Health: -2/33      AC:  4    Str: 10    XL:     4   Next: 31%
Magic:  4/4        EV: 12    Int: 14    God:
Gold:   66         SH:  0    Dex: 15    Spells: 2/3 levels left

rFire    . . .     SeeInvis +   a - +5 dagger
rCold    . . .     Faith    .   (no shield)
rNeg     . . .     Spirit   .   b - +0 robe
rPois    .         Reflect  .   j - +0 helmet
rElec    .         Harm     .   c - +0 cloak
rCorr    .         Rampage  .   (no gloves)
Will     .....                  (no boots)
Stlth    +++.......             (no amulet)
HPRegen  0.31/turn              (no ring)
MPRegen  0.09/turn              (no ring)

@: healing quickly
A: alive, fangs 3, see invisible, vampiric 2
a: Exsanguinate


You were on level 4 of the Dungeon.
You visited 1 branch of the dungeon, and saw 3 of its levels.

You collected 66 gold pieces.

Inventory:

Hand Weapons
 a - a +5 dagger (weapon)
Missiles
 d - 25 poisoned darts (quivered)
 e - 2 curare-tipped darts
 h - 49 stones
 i - 10 bolts
 k - 22 sling bullets
Armour
 b - a +0 robe (worn)
 c - a +0 cloak (worn)
 j - a +0 helmet (worn)
Potions
 f - a potion of lignification {unknown}
 g - a potion of berserk rage {unknown}
 l - 2 potions of cancellation {unknown}
 m - a potion of heal wounds {unknown}


   Skills:
 - Level 1.7 Fighting
 * Level 3.6 Short Blades
 - Level 2.0 Throwing
 - Level 1.1 Dodging
 + Level 7.0 Stealth
 + Level 0.4 Spellcasting
 + Level 0.4 Conjurations


You had 2 spell levels left.
You knew the following spells:

 Your Spells              Type           Power      Damage    Failure   Level
a - Magic Dart            Conj           4%         1d3       24%         1

Your spell library contained the following spells:

 Spells                   Type           Power      Damage    Failure   Level
 Searing Ray              Conj           2%         3d3       34%         2
 Dazzling Flash           Conj/Hex       0%         N/A       61%         3
 Fulminant Prism          Conj/Hex       0%         3d6       95%         4
 Iskenderun's Mystic Bla  Conj/Tloc      0%         2d3       95%         4


Dungeon Overview and Level Annotations

Branches:
Dungeon (2/15)

Altars:


Innate Abilities, Weirdness & Mutations

Your natural rate of healing is accelerated.
You have razor-sharp teeth.
You have supernaturally acute eyesight. (SInv)
You are afflicted with vampirism and can become a bat while bloodless.


Message History

Your Stealth skill increases to level 7!
No target in view!
A worm comes into view.
An endoplasm comes into view.
The helpless worm fails to defend itself.
You stick the worm like a pincushion!!!
You kill the worm!
An endoplasm is nearby!
You hit the endoplasm.
You kill the endoplasm!
Found a stone staircase leading down.
A frilled lizard comes into view.
Found an escape hatch in the ceiling.
The frilled lizard hisses angrily.
The frilled lizard misses you.
You closely miss the frilled lizard.
The frilled lizard completely misses you.
You barely miss the frilled lizard. You barely miss the frilled lizard.
The frilled lizard barely misses you.
You hit the frilled lizard.
You kill the frilled lizard!
No target in view!
You now have 66 gold pieces (gained 16).
A hobgoblin is nearby!
The helpless hobgoblin fails to defend itself.
You spit the hobgoblin like a pig!!!
You kill the hobgoblin!
There is an open door here.
You fall into a shaft and drop 2 floors!
The shaft crumbles and collapses.
An ogre and a necrophage come into view.
The necrophage hits you.
You hit the necrophage but do no damage.
The ogre shouts!
You open the door. The necrophage closely misses you.
There is an open door here.
A scorpion comes into view.
The ogre hits you with a +0 giant spiked club!!
Ouch! That really hurt!
You die...

#.........#
+.........+
#.........#
##.......##
##.....##
##...##
##n## #O#
#@# #.# ...
.....
##.....
#..####
#s.. #.##


You could see an ogre, a necrophage and a scorpion (asleep).

Vanquished Creatures
  4 adders (D:2)
  A worm (D:2)
  4 endoplasms
  2 giant cockroaches (D:2)
  6 goblins
  5 hobgoblins
  4 jackals
  3 quokkas
  3 ball pythons
  7 bats
  3 frilled lizards
  2 kobolds
  4 rats (D:1)
48 creatures vanquished.

Notes
Turn   | Place    | Note
-------+----------+-------------------------------------------
     0 | D:1      | deadmanwalking the Vampire Brigand began the quest for the
                  | Orb.
     0 | D:1      | Reached XP level 1. HP: 16/16 MP: 1/1
    36 | D:1      | Reached skill level 6 in Stealth
   145 | D:1      | Reached XP level 2. HP: 22/22 MP: 2/2
   915 | D:2      | Gained mutation: You are afflicted with vampirism and can
                  | become a bat while bloodless. [Vampire growth]
   915 | D:2      | Reached XP level 3. HP: 27/27 MP: 3/3
  1009 | D:2      | Learned a level 1 spell: Magic Dart
  1126 | D:2      | Reached XP level 4. HP: 28/33 MP: 4/4
  1289 | D:2      | Reached skill level 7 in Stealth
  1422 | D:2      | You fall into a shaft and drop 2 floors!
  1423 | D:4      | Noticed a necrophage
  1423 | D:4      | Noticed an ogre
  1433 | D:4      | Noticed a scorpion
  1434 | D:4      | Slain by an ogre

Illustrated notes

Levels and vault maps discovered:
D:1:      minmay_arrival_four_houses, layout_basic
D:2:      layout_basic
D:4:      layout_loops_corners, ashenzari_conservatory_becter,
          nicolae_overflow_crystal_walls, gammafunk_ghost_stat_death,
          hangedman_decor_push, uniq_sigmund, uniq_natasha

Skill      XL: |  1  2  3  4 |
---------------+-------------+-----
Stealth        | 6 7 |  7.0
Throwing       | 2 |  2.0
Short Blades   | 3 |  3.6
Fighting       | |  1.7
Dodging        | |  1.1
Spellcasting   | |  0.4
Conjurations   | |  0.4

Action                   |  1- 3 |  4- 6 || total
-------------------------+-------+-------++-------
Melee: Dagger            |    96 |    20 ||   116
       Bite              |     2 |       ||     2
Throw: Dart              |     2 |       ||     2
  Use: Scroll            |     5 |       ||     5
 Stab: Sleeping          |    13 |     3 ||    16
Armor: Robe              |    27 |     3 ||    30
Dodge: Dodged            |    54 |    10 ||    64

Table legend: (Time is in decaauts)
 A = Elapsed time spent in this place.
 B = Non-inter-level travel time spent in this place.
 C = Inter-level travel time spent in this place.
 D = Time resting spent in this place.
 E = Time spent auto-exploring this place.
 F = Levels seen in this place.
 G = Mean time per level.
                   A        B        C        D        E       F      G
               +--------+--------+--------+--------+--------+-----+--------+
         Total |   1417 |   1339 |     78 |      0 |   1000 |   3 |  472.3 |
       Dungeon |   1417 |   1339 |     78 |      0 |   1000 |   3 |  472.3 |
               +--------+--------+--------+--------+--------+-----+--------+

Top non-repeatable levels by time:
     D:1: 902 daAuts
     D:2: 503 daAuts
     D:4: 11 daAuts
